[Event "1st Gujarat GM Open 2018"]
[Site "Ahmedabad"]
[Date "2018.10.09"]
[Round "6"]
[White "Karthik Venkataraman"]
[Black "Bharath Subramaniyam H"]
[Result "1-0"]
[ECO "A01"]
[WhiteElo "2525"]
[BlackElo "2276"]
[Annotator "RC"]
[PlyCount "149"]
[EventDate "2018.10.05"]
[EventType "swiss"]
[EventCountry "IND"]
[SourceTitle "playchess.com"]
[Source "ChessBase"]
[SourceQuality "1"]
[TimeControl "5400+30"]

1. b3 e5 2. Bb2 Nc6 3. e3 Nf6 4. Nf3 e4 5. Nd4 Bc5 6. Nxc6 dxc6 7. Be2 O-O 8. d4 Bd6 9. c4 c5 10. d5 Qe7 11. Nc3 Bf5 12. Qc2 Rfe8 13. h3 Nd7 14. g4 Bg6 15. h4 h6 16. O-O-O Ne5 17. h5 Nd3+ 18. Bxd3 exd3 19. Qd2 Bh7 20. g5 hxg5 21. h6 Be5 22. hxg7 Qf6 23. Rdg1 Bg6 24. Rg3 Kxg7 25. Rhg1 Bxg3 26. Ne4 Qxb2+ 27. Kxb2 Be5+ 28. Nc3 Bf6 29. Kc1 Rh8 30. Nb5 c6 31. dxc6 bxc6 32. Nc7 Rad8 33. Na6 Rh2 34. Nxc5 Be7 35. b4 a5 36. a3 axb4 37. axb4 Ra8 38. Kb2 Bf6+ 39. Kb3 Rh4 40. e4 Rd8 41. f3 Rh3 42. Rf1 Rg3 43. Qf2 Be5 44. Qd2 Bf6 45. b5 cxb5 46. cxb5 Be7 47. Qc3+ Kg8 48. Nb7 Ra8 49. Qe5 Ra3+ 50. Kc4 Ra4+ 51. Kd5 Rg2 52. Qxe7 d2 53. Rh1 Ra8 54. Nd6 Rh2 55. Rd1 Ra3 56. Qxg5 Rh5 57. Qxh5 Bxh5 58. Rxd2 Bxf3 59. b6 Rb3 60. b7 f5 61. Kc4 Rb6 62. Kc5 Rxb7 63. Nxb7 fxe4 64. Nd6 e3 65. Rd3 e2 66. Re3 Kg7 67. Nf5+ Kf6 68. Nd4 Bh5 69. Nxe2 Kg5 70. Kd4 Bf7 71. Ke5 Bc4 72. Nd4 Kg4 73. Nf5 Bf7 74. Rg3+ Kh5 75. Kf4 1-0

[Event "1st Gujarat GM Open 2018"]
[Site "Ahmedabad"]
[Date "2018.10.09"]
[Round "6"]
[White "Stany, G.A."]
[Black "Babujian, Levon"]
[Result "1-0"]
[ECO "B80"]
[WhiteElo "2502"]
[BlackElo "2456"]
[Annotator "ChessBase"]
[PlyCount "119"]
[EventDate "2018.10.05"]
[EventType "swiss"]
[EventCountry "IND"]
[SourceTitle "playchess.com"]
[Source "ChessBase"]
[SourceQuality "1"]
[TimeControl "5400+30"]

1. e4 c5 2. Nf3 d6 3. d4 cxd4 4. Nxd4 Nf6 5. Nc3 a6 6. Be3 e6 7. Qd2 b5 8. f3 Bb7 9. O-O-O Nbd7 10. g4 Nb6 11. Qf2 Nfd7 12. Kb1 Rc8 13. Nce2 Qc7 14. Ng3 Na4 15. c3 Be7 16. h4 Ndc5 17. Rc1 d5 18. exd5 Bxd5 19. c4 bxc4 20. Bxc4 Bxc4 21. Rxc4 Nxb2 22. Qxb2 Qxg3 23. Nb3 Qxf3 24. Qc1 Qb7 25. Rd1 O-O 26. Bxc5 Bxc5 27. Rxc5 Rxc5 28. Qxc5 Qe4+ 29. Kb2 Qxg4 30. Rd4 Qe2+ 31. Rd2 Qf3 32. Qc4 Qf6+ 33. Ka3 e5 34. Rd7 h5 35. Nd2 Qf5 36. Re7 Qf6 37. Rd7 Qf5 38. Re7 Rb8 39. Ne4 Qf3+ 40. Ka4 a5 41. Rb7 Rf8 42. Kxa5 Kh8 43. a4 Qd1 44. Ng5 Qd2+ 45. Kb6 f6 46. Nf7+ Kh7 47. a5 Qe3+ 48. Kc7 e4 49. a6 Ra8 50. Nd6 Qd3 51. a7 f5 52. Qxd3 exd3 53. Nxf5 g5 54. Kb6+ Kg6 55. Ne3 gxh4 56. Rd7 h3 57. Nf1 Rf8 58. Nh2 Kg5 59. Rxd3 Kh4 60. Rc3 1-0

[Event "1st Gujarat GM Open 2018"]
[Site "Ahmedabad"]
[Date "2018.10.09"]
[Round "6"]
[White "Kadam Om Manish"]
[Black "Zia, Tahsin Tajwar"]
[Result "1/2-1/2"]
[ECO "B89"]
[WhiteElo "2082"]
[BlackElo "1825"]
[Annotator "NA RC"]
[PlyCount "105"]
[EventDate "2018.10.05"]
[EventType "swiss"]
[EventCountry "IND"]
[SourceTitle "playchess.com"]
[Source "ChessBase"]
[SourceQuality "1"]
[TimeControl "5400+30"]

1. e4 c5 2. Nf3 d6 3. d4 cxd4 4. Nxd4 Nf6 5. Nc3 Nc6 6. Bc4 e6 7. Be3 a6 8. Qe2 Qc7 9. Bb3 Na5 10. O-O Bd7 11. a4 Rc8 12. Rad1 Be7 13. Ba2 O-O 14. f4 Nc4 15. Bc1 b5 16. axb5 axb5 17. e5 dxe5 18. fxe5 Nd5 19. Nxd5 exd5 20. c3 b4 21. Rde1 Bc5 22. Bb1 Qb6 23. Qd3 g6 24. Rf6 Nxe5 25. Qf1 Bxd4+ 26. cxd4 Qxd4+ 27. Be3 Qc4 28. Qxc4 dxc4 29. Bd2 c3 30. bxc3 bxc3 31. Bxc3 Rxc3 32. Rxe5 Be6 33. Re1 Rb8 34. Be4 Kg7 35. Rf2 f5 36. Bf3 Kf6 37. Rd2 Rb6 38. Red1 g5 39. h3 f4 40. Kf2 Re3 41. Re1 Rbb3 42. Rde2 Rxe2+ 43. Rxe2 Bf7 44. Rc2 Rb6 45. Rc6+ Rxc6 46. Bxc6 Kg6 47. Be4+ Kh6 48. Bb7 Kh5 49. g3 Be6 50. Bf3+ Kg6 51. Be4+ Bf5 52. Bg2 h5 53. h4 1/2-1/2

[Event "1st Gujarat GM Open 2018"]
[Site "Ahmedabad"]
[Date "2018.10.09"]
[Round "6"]
[White "Suvradeepta, Das"]
[Black "Balaji Sekar"]
[Result "1/2-1/2"]
[ECO "A28"]
[WhiteElo "2005"]
[BlackElo "1189"]
[Annotator "NA RC"]
[PlyCount "74"]
[EventDate "2018.10.05"]
[EventType "swiss"]
[EventCountry "IND"]
[SourceTitle "playchess.com"]
[Source "ChessBase"]
[SourceQuality "1"]
[TimeControl "5400+30"]

1. c4 Nf6 2. Nc3 e5 3. Nf3 Nc6 4. e3 Bb4 5. Qc2 Bxc3 6. Qxc3 Qe7 7. b3 O-O 8. Bb2 Re8 9. Be2 d6 10. O-O Bf5 11. d4 Ne4 12. Qc1 Bg6 13. d5 Nb8 14. Nd2 Nc5 15. Qd1 c6 16. b4 Nd3 17. Bc3 cxd5 18. cxd5 Nd7 19. Bxd3 Bxd3 20. Re1 f5 21. Qb3 e4 22. Rac1 Qf7 23. Bd4 Ne5 24. Rc3 b5 25. Bxe5 dxe5 26. Rec1 Red8 27. Rc5 f4 28. d6 Rxd6 29. Qxf7+ Kxf7 30. Rxe5 fxe3 31. fxe3 Kf6 32. Rcc5 Re6 33. Rf5+ Kg6 34. Rg5+ Kh6 35. Rh5+ Kg6 36. Rhg5+ Kh6 37. Rh5+ Kg6 1/2-1/2

[Event "1st Gujarat GM Open 2018"]
[Site "Ahmedabad"]
[Date "2018.10.09"]
[Round "6"]
[White "Ayushh, Ravikumar"]
[Black "Barath Kalyan M"]
[Result "0-1"]
[ECO "E21"]
[WhiteElo "1843"]
[BlackElo "2084"]
[Annotator "NA RC"]
[PlyCount "92"]
[EventDate "2018.10.05"]
[EventType "swiss"]
[EventCountry "IND"]
[SourceTitle "playchess.com"]
[Source "ChessBase"]
[SourceQuality "1"]
[TimeControl "5400+30"]

1. d4 Nf6 2. Nf3 e6 3. c4 Bb4+ 4. Nc3 O-O 5. Bg5 d6 6. a3 Bxc3+ 7. bxc3 Nbd7 8. e3 Qe8 9. Bxf6 Nxf6 10. Be2 b6 11. O-O Bb7 12. Nd2 e5 13. Re1 Qe7 14. a4 a5 15. Qc2 Nd7 16. Bf3 Bxf3 17. Nxf3 f5 18. Nd2 Qg5 19. Qd3 Rae8 20. e4 f4 21. f3 Rf6 22. Re2 Rh6 23. Nf1 Qe7 24. Rc2 g5 25. g4 Rh4 26. Rg2 Kg7 27. Kf2 Rh8 28. Ra2 Rh3 29. Ke1 Kf7 30. Rg1 Nf6 31. Rag2 Qe8 32. Qd1 h5 33. gxh5 g4 34. Rxg4 Nxg4 35. Rxg4 R3xh5 36. Qc2 Rg8 37. Rxg8 Qxg8 38. c5 Kf6 39. cxb6 cxb6 40. Qb2 Qc4 41. Nd2 Qc6 42. Nf1 Rg5 43. Kf2 Qxa4 44. Qxb6 Qc2+ 45. Ke1 Qxc3+ 46. Kf2 Qxd4+ 0-1